cohdb
Replays
Latest Replays
All Replays
Popular Replays
Top Player Replays
Match Explorer
How It Works
Community
CoH3 Stats
Reddit
Sign in to upload your games and track your stats! →
Sign in with Steam
Match 43156903
Unlisted
Match 43156903
Overview
Messages
Build Orders
End
Construct Section Command Post
Dingo Light Scout Car
Selects Heavy Armor Battlegroup
Infantry Section
Infantry Section
Grenade Package
Vickers Machine Gun Team
Construct Platoon Command Post
Infantry Section
Unlock M3 Stuart Light Tanks
M3 Stuart Light Tank
M3 Stuart Light Tank
6-pounder Anti-tank Gun Team
Selects Rigorous Vehicle Training
Selects Forward Repair Assembly
Construct Company Command Post
Selects UNKNOWN (2162094)
Selects Light Vehicle Withdraw and Refit
Selects Radio Net
Churchill IV Heavy Tank
Foot Guards Section
CMP 15cwt Truck
Churchill IV Heavy Tank
Royal Engineer Section
Infantry Section
Infantry Section
Churchill IV Heavy Tank
Royal Engineer Section
Selects Recon Artillery
Churchill IV Heavy Tank
Recon Artillery
Royal Engineer Section
RECIO_ARMY
matrix4x4
carotin3
DiMeL
Fonts
MG42
for Stalin
norddistrict2017
0
0
Comments
sign in to comment!
No comments posted yet!